 Dungeon Crawl Stone Soup version 0.32-a0-705-g60f233581c (webtiles) character file.

Game seed: 1557333013059920459

14 cforsyth the Firebug (level 2, -4/26 HPs)
             Began as a Mountain Dwarf Cinder Acolyte on Mar 14, 2024.
             Was a High Priest of Ignis.
             Slain by a kobold
             ... wielding a +3 short sword of speed
              (7 damage)
             ... on level 1 of the Dungeon.
             The game lasted 00:01:15 (789 turns).

cforsyth the Firebug (Mountain Dwarf Cinder Acolyte) Turns: 789, Time: 00:01:17

Health: -4/26      AC:  2    Str: 16    XL:     2   Next: 31%
Magic:  3/3        EV: 10    Int: 14    God:    Ignis [*****.]
Gold:   49         SH:  0    Dex:  5    Spells: 3/3 levels left

rFire   + . .        a - +2 hand axe (flame)
rCold   . . .        (no shield)
rNeg    . . .        b - +0 robe
rPois   .            (no helmet)
rElec   .            (no cloak)
rCorr   .            (no gloves)
SInv    .            (no boots)
Will    .....        (no amulet)
Stlth   +            (no ring)
HPRegen 0.24/turn    (no ring)
MPRegen 0.08/turn

%: no passive effects
@: no status effects
A: runic magic, artefact enchanting
a: Renounce Religion, Fiery Armour, Foxfire Swarm, Rising Flame


You were on level 1 of the Dungeon.
You worshipped Ignis.
Ignis was extremely pleased with you.
You visited 1 branch of the dungeon, and saw 1 of its levels.

You collected 49 gold pieces.


Innate Abilities, Weirdness & Mutations

Your spellcasting is much less encumbered by armour.
You can use scrolls of enchantment on lesser artefacts.


   Skills:
 + Level 3.4 Fighting
 + Level 3.8 Axes
 + Level 0.8 Armour
 + Level 1.2 Spellcasting
 + Level 3.8 Fire Magic


You had 3 spell levels left.
You didn't know any spells.
Your spell library contained the following spells:

 Spells                   Type           Power      Damage    Failure   Level
 Scorch                   Fire           22%        2d5       8%          2
 Gell's Gravitas          Tloc           0%         N/A       61%         3
 Teleport Other           Tloc           0%         N/A       61%         3
 Dispersal                Tloc           0%         N/A       100%        6

Inventory:

Hand Weapons
 a - a +2 hand axe of flaming (weapon)
 d - a +0 war axe
Armour
 b - a +0 robe (worn)
Scrolls
 c - a scroll of identify {unknown}
 f - a scroll of enchant armour {unknown}
Potions
 e - 2 potions of mutation {unknown}
 g - a potion of brilliance {unknown}

Dungeon Overview and Level Annotations

Branches:
Dungeon (1/15)

Altars:

# ## #..$# .# #...#
.########### #...#
...........#.# #...#
...........#.# #...#
...........#.# #...#
...........#.# #K†.#
...........#.# #@..#
...........#.###...#
...........#...'...+
.#####+####....#...#
.# #.# #....#####
.#####.####....####
....###
...................
......
.#####.############
#.#.. .# #.#
#############.#.#


You could see a kobold.


Message History

You closely miss the kobold. The kobold barely misses you.
The kobold hits you with a +3 short sword of speed.
You barely miss the kobold. The kobold misses you.
The kobold hits you with a +3 short sword of speed.
* * * LOW HITPOINT WARNING * * *
You are too injured to fight recklessly!
You are too injured to fight recklessly!
You are too injured to fight recklessly!
You are too injured to fight recklessly!
You are too injured to fight recklessly!
You are too injured to fight recklessly!
You are too injured to fight recklessly!
You are too injured to fight recklessly!
You closely miss the kobold. You hit the hobgoblin but do no damage.
The kobold closely misses you.
The hobgoblin hits you but does no damage.
You barely miss the kobold. You closely miss the hobgoblin.
The kobold hits you with a +3 short sword of speed.
* * * LOW HITPOINT WARNING * * *
The hobgoblin closely misses you.
The kobold hits you with a +3 short sword of speed.
* * * LOW HITPOINT WARNING * * *
You hit the hobgoblin. You burn the hobgoblin.
You kill the hobgoblin!
You completely miss the kobold.
The kobold hits you with a +3 short sword of speed.
* * * LOW HITPOINT WARNING * * *
The kobold hits you with a +3 short sword of speed!
You die...
Ignis goes out, and joins you in death.

Action                     || total
---------------------------++-------
  Melee: Hand axe          ||    27
 Armour: Robe              ||    21
  Dodge: Dodged            ||    17

Levels and vault maps discovered:
D:1:      dpeg_arrival_round_a, layout_basic, hellmonk_ecumenical_altar_run_dry

Notes
Turn   | Place    | Note
-------+----------+-------------------------------------------
     0 | D:1      | cforsyth the Mountain Dwarf Cinder Acolyte began the quest
                  | for the Orb.
     0 | D:1      | Reached XP level 1. HP: 19/19 MP: 2/2
   269 | D:1      | Found a faded altar of an unknown god.
   341 | D:1      | Reached XP level 2. HP: 26/26 MP: 3/3
   789 | D:1      | Slain by a kobold

Vanquished Creatures
  A dart slug (D:1)
  2 ball pythons (D:1)
  2 bats (D:1)
  2 endoplasms (D:1)
  A goblin (D:1)
  2 hobgoblins (D:1)
  A frilled lizard (D:1)
  A kobold (D:1)
12 creatures vanquished.

Table legend: (Time is in decaauts)
 A = Elapsed time spent in this place.
 B = Non-inter-level travel time spent in this place.
 C = Inter-level travel time spent in this place.
 D = Time resting spent in this place.
 E = Time spent auto-exploring this place.
 F = Levels seen in this place.
 G = Mean time per level.
                   A        B        C        D        E       F      G
               +--------+--------+--------+--------+--------+-----+--------+
         Total |    791 |    758 |     33 |      0 |    673 |   1 |  791.0 |
       Dungeon |    791 |    758 |     33 |      0 |    673 |   1 |  791.0 |
               +--------+--------+--------+--------+--------+-----+--------+

Top non-repeatable levels by time:
     D:1: 791 daAuts

Table legend:
 A = Non-vault XP
 B = Vault XP
 C = Vault XP percentage of total XP
 D = Non-vault monster count
 E = Vault monster count
 F = Vault count percentage of total count
                 A         B        C        D         E       F
            +---------+---------+-------+---------+---------+-------
      Total |      23 |       0 |   0.0 |      12 |       0 |   0.0
            +---------+---------+-------+---------+---------+-------
        D:1 |      23 |       0 |   0.0 |      12 |       0 |   0.0
            +---------+---------+-------+---------+---------+-------
